 Dungeon Crawl Stone Soup version 0.30-b1-2-g02819fbbbe (webtiles) character file.

Game seed: 15070628349005691494

286 raph the Chopper (level 6, -2/45 (52) HPs)
             Began as a Hill Orc Reaver on Dec 9, 2023.
             Was an Initiate of Vehumet.
             Killed by divine providence
             ... invoked by an orc priest
              (15 damage)
             ... on level 4 of the Dungeon.
             The game lasted 00:04:26 (3177 turns).

raph the Chopper (Hill Orc Reaver)                  Turns: 3177, Time: 00:04:27

HP:   -2/45 (52)    AC:  5    Str: 15    XL:     6   Next: 30%
MP:   9/9           EV: 11    Int: 13    God:    Vehumet [......]
Gold: 154           SH:  0    Dex:  7    Spells: 6/9 levels left

rFire   . . .        i - +4 hand axe of Ibleffiolo {venom, Fly Will+ Dex-4}
rCold   . . .        (no shield)
rNeg    . . .        b - +0 leather armour
rPois   .            f - +0 helmet
rElec   .            l - +0 cloak
rCorr   .            (no gloves)
SInv    .            (no boots)
Will    +....        (no amulet)
Stlth   +            (no ring)
HPRegen 0.27/turn    (no ring)
MPRegen 0.11/turn

%: no passive effects
@: flying, heavily drained
A: no striking features
a: Renounce Religion, Convert to Beogh


You were on level 4 of the Dungeon.
You worshipped Vehumet.
Vehumet was noncommittal.
You visited 1 branch of the dungeon, and saw 4 of its levels.

You collected 154 gold pieces.

Inventory:

Hand Weapons
 a - a +0 hand axe
 i - the +4 hand axe of Ibleffiolo (weapon) {venom, Fly Will+ Dex-4}
   (You found it on level 3 of the Dungeon)

   Dex:       It affects your dexterity (-4).
   Fly:       It grants you flight.
   Will:      It increases your willpower.
 m - a +0 war axe
Armour
 b - a +0 leather armour (worn)
 f - a +0 helmet (worn)
 l - a +0 cloak (worn)
Wands
 j - a wand of flame (16)
Scrolls
 g - 2 scrolls of identify
 n - a scroll of noise {unknown}
Potions
 c - a potion of attraction
 d - 2 potions of heal wounds
 e - 3 potions of curing
 h - a potion of ambrosia
 k - a potion of haste {unknown}


   Skills:
 + Level 3.7 Fighting
 * Level 6.1 Axes
 + Level 2.5 Dodging
 + Level 2.3 Spellcasting
 + Level 3.8 Conjurations


You had 6 spell levels left.
You knew the following spells:

 Your Spells              Type           Power      Damage    Failure   Level
a - Kiss of Death         Conj/Necr      24%        2d7       14%         1
b - Momentum Strike       Conj/Tloc      12%        3d8       21%         2

Your spell library contained the following spells:

 Spells                   Type           Power      Damage    Failure   Level
 Static Discharge         Conj/Air       12%        2-3/arc   21%         2
 Hailstorm                Conj/Ice       6%         3d4       38%         3
 Airstrike                Air            0%         2d(1-17)  96%         4
 Animate Dead             Necr           1%         N/A       96%         4
 Summon Lightning Spire   Summ/Air       1%         N/A       96%         4
 Haunt                    Necr/Summ      0%         N/A       100%        7
 Infestation              Necr           0%         N/A       100%        8


Dungeon Overview and Level Annotations

Branches:
Dungeon (4/15)
 Temple: D:4-7

Altars:
Sif Muna
Vehumet


Message History

The gnoll is severely wounded.
The gnoll closely misses you.
Okay, then.
You slash the gnoll!
You kill the gnoll!
Vehumet accepts your kill.
You completely miss the endoplasm.
The orc priest looks satisfied for a moment.
The endoplasm closely misses you.
An orc comes into view. It is wielding a +0 mace.
The orc shouts!
You barely miss the endoplasm.
The gnoll hits you from afar with a +0 spear.
The endoplasm freezes you.
You are frozen.
You slash the endoplasm!
You kill the endoplasm!
Vehumet accepts your kill. The gnoll misses you.
An orc comes into view. It is wielding a +0 falchion.
The orc shouts!
The orc priest shouts, "Beogh is our master!
Accept the truth or die!"
The gnoll hits you with a +0 spear.
Items here: ))) [ ††.
The gnoll attacks as you move away! The gnoll closely misses you.
The gnoll barely misses you.
The orc priest looks encouraged for a moment.
The orc priest miscasts a cantrip.
You see here a +6 ring of dexterity.
The gnoll throws a throwing net.
The throwing net hits you.
You become entangled in the net!
You see here a throwing net.
You struggle against the net.
You tear a large gash into the net.
The gnoll hits you from afar with a +0 spear.
* * * LOW HITPOINT WARNING * * *
You shred the net and break free! The gnoll hits you but does no damage.
The orc priest invokes the aid of Beogh against you.
Beogh smites you!
You die...

... #.# #.# #######.####
..........### ##.#........#
#.......)# .#
#..@.....##.####.
##############g...............
.....).goo.oo.#+#......####.
..o##########g# ###+##.#..# .
#.# #.#..# #.# #)#.<# #.#
#.##.# ..# #....# ### ######


You could see an orc priest, a gnoll and an orc.

Vanquished Creatures
  An ice beast (D:3)
  Crazy Yiuf (D:3)
  A gnoll (D:4)
  8 adders
  2 worms (D:3)
  3 dart slugs
  4 orcs
  5 ball pythons
  7 bats
  3 endoplasms
  3 giant cockroaches
  7 goblins
  5 hobgoblins
  4 jackals (D:1)
  2 quokkas (D:3)
  5 frilled lizards
  7 kobolds
  5 rats
73 creatures vanquished.

Vanquished Creatures (others)
  A plant (D:1)
1 creature vanquished.

Grand Total: 74 creatures vanquished

Notes
Turn   | Place    | Note
-------+----------+-------------------------------------------
     0 | D:1      | raph the Hill Orc Reaver began the quest for the Orb.
     0 | D:1      | Reached XP level 1. HP: 18/18 MP: 3/3
   209 | D:1      | Reached XP level 2. HP: 24/25 MP: 4/4
   233 | D:1      | Learned a level 2 spell: Momentum Strike
   910 | D:2      | Reached XP level 3. HP: 30/30 MP: 2/5
  1243 | D:2      | Reached XP level 4. HP: 37/38 MP: 6/6
  1328 | D:2      | Found a faded altar of an unknown god.
  1338 | D:2      | Reached skill level 5 in Axes
  1915 | D:3      | Identified the +4 hand axe of Ibleffiolo {venom, Fly Will+
                  | Dex-4}
  1965 | D:3      | Found a radiant altar of Vehumet.
  2196 | D:3      | Noticed an ice beast
  2210 | D:3      | Killed an ice beast
  2211 | D:3      | Reached XP level 5. HP: 30/45 MP: 4/8
  2302 | D:3      | Found a shimmering blue altar of Sif Muna.
  2396 | D:3      | Became a worshipper of Vehumet
  2659 | D:3      | Reached XP level 6. HP: 50/51 MP: 9/9
  2757 | D:3      | Found a runed translucent door.
  2758 | D:3      | Noticed Crazy Yiuf
  2766 | D:3      | Killed Crazy Yiuf
  2767 | D:3      | Reached skill level 6 in Axes
  3177 | D:4      | Killed from afar by an orc priest

Illustrated notes

Levels and vault maps discovered:
D:1:      shiori_arrival_oz, layout_basic, serial_forest,
          infiniplex_forest_clump_small, infiniplex_forest_clump_small,
          infiniplex_forest_end_2, infiniplex_forest_clump_small,
          infiniplex_forest_clump_medium, infiniplex_forest_3_way,
          infiniplex_forest_clump_long, infiniplex_forest_lined_4_way,
          minmay_misc_feat_plants
D:2:      layout_loops_ring, shapermc_ecumenical_altar_pompeii
D:3:      layout_basic, vehumet_altar_wand_db, nicolae_sif_muna_little_library,
          minivault_11, minmay_quantized, uniq_crazy_yiuf_cottage
D:4:      layout_basic

Skill      XL: |  1  2  3  4  5  6 |
---------------+-------------------+-----
Dodging        | 2 |  2.5
Fighting       | 3 |  3.7
Axes           | 5 6 |  6.1
Spellcasting   | 2 |  2.3
Conjurations   | |  3.8

Action                     |  1- 3 |  4- 6 || total
---------------------------+-------+-------++-------
  Melee: Hand axe          |   106 |   132 ||   238
         Punch             |     1 |     2 ||     3
   Cast: Momentum Strike   |     2 |     2 ||     4
         Kiss of Death     |       |     2 ||     2
    Use: Scroll            |       |     4 ||     4
 Armour: Leather armour    |    38 |    34 ||    72
  Dodge: Dodged            |    74 |    62 ||   136
